AoeStats
← K3v

Arabia

508284540Analyzed
1v1 RM · 12d ago on Sep 21, 2026· 18m 35s· 2 players
Game mode
Random Map
Map size
Tiny (2 player)
Population
200
Speed
Normal
Resources
Standard
Victory
Conquest
Starting age
Dark Age
Ending age
Imperial Age
RankedLock teamsTeams togetherTeam positionsShared explorationLock speedFull tech treeHidden civsTurbo modeCheats
Victory
Defeat
🇨🇭 Poles · Switzerland
999
+16
🇩🇪 Franks · Germany
1000
-48
RoyDiger
10:56 Feudal Age
12:11 Double-Bit Axe
12:10 Horse Collar
18:09 Castle Age
16:52 Loom
18:39 Stone Mining
K3v
7:58 Loom
12:03 Feudal Age
14:29 Double-Bit Axe
17:32 Man-at-Arms
Connection lost

Rejoining the realm…

Still unreachable

The connection could not be restored.

Session expired

The server has moved on; the page needs a fresh start.